 Dungeon Crawl Stone Soup version 0.21-a0-137-g951aa02 (webtiles) character file.

28 kuniqs the Sneak (level 3, 0/16 HPs)
             Began as a Spriggan Necromancer on July 18, 2017.
             Slain by a bat (1 damage)
             ... on level 1 of the Dungeon.
             The game lasted 00:01:13 (1343 turns).

kuniqs the Sneak (Spriggan Necromancer)             Turns: 1343, Time: 00:01:14

Health: 0/16       AC:  2    Str:  4    XL:     3   Next: 0%
Magic:  3/8        EV: 19    Int: 17    God:
Gold:   46         SH:  0    Dex: 16    Spells: 6/8 levels left

rFire    . . .     SeeInvis +   (weapon restricted)
rCold    . . .     Gourm    .   (shield restricted)
rNeg     . . .     Faith    .   a - +0 robe
rPois    .         Spirit   .   (helmet restricted)
rElec    .         Reflect  .   (no cloak)
rCorr    .         Harm     .   (gloves unavailable)
MR       .....                  (boots unavailable)
Stlth    +++.......             (no amulet)
HPRegen  0.05/turn              (no ring)
MPRegen  0.11/turn              (no ring)

@: very quick
A: unfitting armour, see invisible, herbivore 3, speed 3, slow metabolism 2
a: no special abilities


You were on level 1 of the Dungeon.
You were not hungry.

You visited 1 branch of the dungeon, and saw 1 of its levels.

You collected 46 gold pieces.

Inventory:

Armour
 a - a +0 robe (worn)
Scrolls
 c - a scroll of recharging {unknown}
 e - a scroll of enchant armour {unknown}
 f - a scroll of amnesia {unknown}
 g - a scroll of identify {unknown}
 h - a scroll of teleportation {unknown}
Potions
 j - a potion of haste {unknown}
Books
 b - a book of Necromancy

   Spells                             Type                      Level
   a - Pain                           Necromancy                   1
   b - Animate Skeleton               Necromancy                   1
   c - Vampiric Draining              Necromancy                   3
   d - Regeneration                   Charms/Necromancy            3
   e - Animate Dead                   Necromancy                   4
   f - Control Undead                 Necromancy                   4
Comestibles
 d - a bread ration
 i - a royal jelly


   Skills:
 + Level 3.5 Dodging
 + Level 4.0 Stealth
 * Level 3.3 Spellcasting
 + Level 3.7 Necromancy


You had 6 spell levels left.
You knew the following spells:

 Your Spells              Type           Power        Failure   Level  Hunger
a - Pain                  Necr           ###.         3%          1    None
b - Animate Skeleton      Necr           N/A          3%          1    None


Dungeon Overview and Level Annotations

Branches:
Dungeon (1/15)

Altars:


Innate Abilities, Weirdness & Mutations

You are very small and have problems with some larger weapons.
You are too small for most types of armour.
You have supernaturally acute eyesight. (SInv)
You are a herbivore.
You cover ground extremely quickly.
You need consume almost no food.


Message History

A leopard gecko comes into view.
Found a stone staircase leading down.
A leopard gecko is nearby!
Aim: a leopard gecko (clinging, resting, chance to defeat MR: 85%)
The leopard gecko hisses angrily.
The leopard gecko writhes in agony!
Aim: a leopard gecko (almost dead, clinging, chance to defeat MR: 85%)
The leopard gecko writhes in agony!
You kill the leopard gecko!
You have reached level 3!
Your experience leads to an increase in your attributes!
Increase (S)trength, (I)ntelligence, or (D)exterity?
You feel clever.
A bat comes into view.
The bat is too close now for your liking.
Aim: a bat (chance to defeat MR: 85%)
The bat writhes in agony!
The bat completely misses you.
Aim: a bat (heavily wounded, chance to defeat MR: 85%)
The bat writhes in agony!
The bat hits you.
You die...

###
################..
...............#.#
##
##############.#.#
#... #.#.# ...#.
####...
#...#......
#....... ##.@b.#
#....... #..#.#
+....... ..>.# #
#....... ###..#
....... #..#
...##. #..# ...#
#... ...# #...
...# #######


You could see a bat.

Vanquished Creatures
  2 oozes (D:1)
  A leopard gecko (D:1)
  3 bats (D:1)
  2 giant cockroaches (D:1)
  2 goblins (D:1)
  3 hobgoblins (D:1)
  A ball python (D:1)
  3 frilled lizards (D:1)
  2 rats (D:1)
19 creatures vanquished.

Notes
Turn   | Place    | Note
-------+----------+-------------------------------------------
     0 | D:1      | kuniqs the Spriggan Necromancer began the quest for the Orb.
     0 | D:1      | Reached XP level 1. HP: 9/9 MP: 5/5
   160 | D:1      | Reached XP level 2. HP: 6/13 MP: 0/6
   351 | D:1      | Learned a level 1 spell: Animate Skeleton
  1150 | D:1      | Reached skill level 4 in Stealth
  1337 | D:1      | Reached XP level 3. HP: 4/16 MP: 4/8
  1343 | D:1      | Slain by a bat

Vault maps used:
D:1:      dpeg_arrival_tiny_d

Skill      XL: |  1  2 |
---------------+-------+-----
Spellcasting   | 3 |  3.3
Stealth        | 4 |  4.0
Dodging        | |  3.5
Necromancy     | |  3.7

Action                   || total
-------------------------++-------
 Cast: Pain              ||    50
Armor: Robe              ||     1
Dodge: Dodged            ||     3
